 Dungeon Crawl Stone Soup version 0.26.0-18-gc5c842f807 (webtiles) character file.

Game seed: 2412577768961359661

83 Eurus the Ruffian (level 4, -5/35 HPs)
             Began as a Draconian Transmuter on Jan 23, 2021.
             Killed from afar by Robin (9 damage)
             ... with a puff of flame
             ... on level 3 of the Dungeon.
             The game lasted 00:08:24 (2147 turns).

Eurus the Ruffian (Draconian Transmuter)            Turns: 2147, Time: 00:08:25

Health: -5/35      AC:  5    Str: 13    XL:     4   Next: 22%
Magic:  7/7        EV: 12    Int: 13    God:
Gold:   143        SH:  0    Dex: 12    Spells: 7/8 levels left

rFire    . . .     SeeInvis .     - Unarmed
rCold    . . .     Faith    .   (no shield)
rNeg     . . .     Spirit   .   (armour unavailable)
rPois    .         Reflect  .   (helmet currently unavailable)
rElec    .         Harm     .   (no cloak)
rCorr    .         Rampage  .   (no gloves)
Will     .....                  (boots currently unavailable)
Stlth    +.........             (no amulet)
HPRegen  0.11/turn              (no ring)
MPRegen  0.10/turn              (no ring)

@: appendages (expiring)
A: unfitting armour, horns 2, talons 2, cold-blooded, AC +5
a: End Transformation


You were on level 3 of the Dungeon.
You had grown temporary horns.
You had grown temporary talons.
You visited 1 branch of the dungeon, and saw 3 of its levels.

You collected 143 gold pieces.

Inventory:

Armour
 j - a +2 hat
Jewellery
 a - an uncursed amulet of reflection {unknown}
 c - an uncursed ring of positive energy {unknown}
 k - an uncursed amulet of faith {unknown}
 m - a +4 ring of evasion {unknown}
Scrolls
 b - 3 scrolls of enchant armour {unknown}
 d - a scroll of immolation {unknown}
 f - 3 scrolls of teleportation {unknown}
 g - a scroll of enchant weapon {unknown}
 h - 3 scrolls of amnesia {unknown}
 i - a scroll of identify {unknown}
Potions
 e - 4 potions of flight {unknown}
 l - a potion of heal wounds {unknown}


   Skills:
 - Level 1.1 Fighting
 + Level 2.3 Dodging
 * Level 4.0 Unarmed Combat
 + Level 2.5 Spellcasting
 + Level 2.6 Transmutations


You had 7 spell levels left.
You knew the following spells:

 Your Spells              Type           Power        Failure   Level
a - Beastly Appendage     Tmut           16%          9%          1

Your spell library contained the following spells:

 Spells                   Type           Power        Failure   Level
 Wereblood                Tmut           8%           12%         2
 Spider Form              Tmut/Pois      2%           38%         3
 Ice Form                 Ice/Tmut       5%           80%         4
 Blade Hands              Tmut           4%           92%         5


Dungeon Overview and Level Annotations

Branches:
Dungeon (3/15)

Altars:
Okawaru

Annotations:
D:3 Robin


Innate Abilities, Weirdness & Mutations

Your plain brown scales are hard. (AC +5)
You cannot fit into any form of body armour.
You are cold-blooded and may be slowed by cold attacks.
You have a pair of horns on your head.
You have razor-sharp toenails.


Message History

The goblin hits you with a +0 club.
You hit the goblin.
You kill the goblin!
Robin roars a battlecry!
The goblin goes into a battle-frenzy!
The goblin hits you with a +0 club.
You closely miss the goblin. You headbutt the goblin.
The goblin is severely wounded.
You punch the goblin!
You kill the goblin!
Robin zaps a wand.
The puff of flame hits you!
Things that are here:
a +0 club; a cursed +0 hunting sling; 18 stones Robin flexes a bicep menacingly.
You hear the rusting of a very distant drain.
Your transformation is almost over.
Robin zaps a wand.
The puff of flame hits you!
* * * LOW HITPOINT WARNING * * *
Robin zaps a wand.
The puff of flame hits you!
You die...

###...#.####### ##.
#.# # # #.# # #.# #
#+# #.# # #.# #)# #.#
#g# #####.########
#g# #....<...@...##
#.# #.#.....###...##
#.#
#...#...###....g###.#
...# ##.##
#.....g...# ## ###
#.....##### ##...##
#####


You could see Robin and a hobgoblin (strong).

Vanquished Creatures
  2 adders (D:2)
  An ooze (D:1)
  3 dart slugs (D:1)
  10 bats
  3 giant cockroaches
  8 goblins
  9 hobgoblins
  A quokka (D:2)
  A ball python (D:2)
  A frilled lizard (D:2)
  7 kobolds
  5 rats
51 creatures vanquished.

Notes
Turn   | Place    | Note
-------+----------+-------------------------------------------
     0 | D:1      | Eurus the Draconian Transmuter began the quest for the Orb.
     0 | D:1      | Reached XP level 1. HP: 16/16 MP: 3/3
   157 | D:1      | Reached XP level 2. HP: 22/23 MP: 3/5
   620 | D:1      | Reached XP level 3. HP: 23/28 MP: 6/6
  1690 | D:2      | Reached XP level 4. HP: 31/35 MP: 5/7
  1787 | D:2      | Found an iron altar of Okawaru.
  1850 | D:2      | Reached skill level 4 in Unarmed Combat
  2100 | D:3      | Noticed Robin
  2147 | D:3      | Killed from afar by Robin

Illustrated notes

Levels and vault maps discovered:
D:1:      grunt_arrival_lava_bath, layout_basic
D:2:      layout_loops_ring, lemuel_coloured_pillars_altar
D:3:      layout_loops_corners, grunt_temple_overflow_lords_of_destruction,
          portal_sewer_entry_f, lemuel_blue_sif_altar, uniq_sigmund, uniq_robin

Skill      XL: |  1  2  3  4 |
---------------+-------------+-----
Dodging        | 2 |  2.3
Unarmed Combat | 4 |  4.0
Fighting       | |  1.1
Spellcasting   | |  2.5
Transmutations | |  2.6

Action                   |  1- 3 |  4- 6 || total
-------------------------+-------+-------++-------
Melee: Unarmed           |   142 |     9 ||   151
       Tailslap          |    10 |     1 ||    11
       Kick              |    15 |     2 ||    17
       Headbutt          |     6 |     3 ||     9
 Cast: Beastly Appendage |    18 |     3 ||    21
 Stab: Sleeping          |     1 |       ||     1
Armor: Skin              |    57 |     8 ||    65
Dodge: Dodged            |   104 |    10 ||   114
